Unix NetHack Version 3.7.0-65 Work-in-progress - last build Oct 10 2022 05:34:18 (2afc5cfc90f7ecdc2856d9919a2295b875398e55,branch:master).

Game began 2022-10-14 14:41:49, ended 2022-10-14 15:28:22.

rustyspoon, chaotic female elven Priestess

  
stone
stone
stone
stone
stone
stone
stone
stone
stone
stone
stone
stone
stone
stone
stone
stone
stone
stone
stone
stone
stone
stone
stone
stone
stone
stone
stone
stone
stone
stone
stone
stone
stone
stone
stone
stone
stone
stone
stone
stone
stone
stone
stone
stone
stone
stone
stone
stone
stone
stone
stone
stone
stone
stone
stone
stone
stone
stone
stone
stone
stone
stone
stone
stone
stone
stone
stone
stone
stone
stone
stone
stone
stone
stone
stone
stone
stone
stone
stone
stone
stone
stone
stone
stone
stone
stone
stone
stone
stone
stone
stone
stone
stone
stone
stone
stone
stone
stone
stone
stone
stone
stone
stone
stone
stone
stone
stone
stone
stone
stone
stone
stone
stone
stone
stone
stone
stone
stone
stone
stone
stone
stone
stone
stone
stone
stone
stone
stone
stone
stone
stone
stone
stone
stone
stone
stone
stone
stone
stone
stone
stone
stone
stone
stone
stone
stone
stone
stone
stone
stone
stone
stone
stone
stone
stone
stone
stone
stone
stone
stone
stone
stone
stone
stone
stone
stone
stone
stone
stone
stone
stone
stone
stone
stone
stone
stone
stone
stone
stone
stone
stone
stone
stone
stone
stone
stone
stone
stone
stone
stone
stone
stone
stone
stone
stone
stone
stone
stone
stone
stone
stone
stone
stone
stone
stone
stone
stone
stone
stone
stone
stone
stone
stone
stone
stone
stone
stone
stone
stone
stone
stone
stone
stone
stone
stone
stone
stone
stone
stone
stone
stone
stone
stone
stone
stone
stone
stone
stone
stone
stone
stone
stone
stone
stone
stone
stone
stone
stone
stone
stone
stone
stone
stone
stone
stone
stone
stone
stone
stone
stone
stone
stone
stone
stone
stone
stone
stone
stone
stone
stone
stone
stone
stone
stone
stone
stone
stone
stone
stone
stone
stone
stone
stone
stone
stone
stone
stone
stone
stone
stone
stone
stone
stone
stone
stone
stone
stone
stone
stone
stone
stone
stone
stone
stone
stone
stone
stone
stone
stone
stone
stone
stone
stone
stone
stone
stone
stone
stone
stone
stone
stone
stone
stone
stone
stone
stone
stone
stone
stone
stone
stone
stone
stone
stone
stone
stone
stone
stone
stone
stone
stone
stone
stone
stone
stone
stone
stone
stone
stone
stone
stone
stone
stone
stone
stone
stone
stone
stone
stone
stone
stone
stone
stone
stone
stone
stone
stone
stone
stone
stone
stone
stone
stone
stone
stone
stone
stone
stone
stone
stone
stone
stone
stone
stone
stone
stone
stone
stone
stone
stone
stone
stone
stone
stone
stone
stone
stone
stone
stone
stone
stone
stone
stone
stone
stone
stone
stone
stone
stone
stone
stone
stone
stone
stone
stone
stone
stone
stone
stone
wall
wall
wall
wall
wall
wall
wall
wall
wall
wall
wall
wall
wall
wall
wall
wall
wall
wall
wall
wall
wall
wall
wall
wall
wall
wall
wall
wall
wall
stone
stone
stone
stone
stone
stone
stone
stone
stone
stone
stone
stone
stone
stone
stone
stone
stone
stone
stone
stone
stone
stone
stone
stone
stone
stone
stone
stone
stone
stone
stone
stone
stone
stone
stone
stone
stone
stone
stone
stone
stone
stone
stone
stone
stone
stone
stone
stone
stone
stone
wall
.dark part of a room
.dark part of a room
.dark part of a room
.dark part of a room
wall
.dark part of a room
.dark part of a room
.dark part of a room
.dark part of a room
.dark part of a room
.dark part of a room
.dark part of a room
)an uncursed knife
.dark part of a room
[a cursed iron skull cap
.dark part of a room
.dark part of a room
.dark part of a room
.dark part of a room
.dark part of a room
.dark part of a room
.dark part of a room
.dark part of a room
.dark part of a room
.floor of a room
.floor of a room
.floor of a room
wall
stone
stone
stone
stone
stone
stone
stone
stone
stone
stone
stone
stone
stone
stone
stone
stone
stone
stone
stone
stone
stone
stone
stone
stone
stone
stone
stone
stone
stone
stone
stone
stone
stone
stone
stone
stone
stone
stone
stone
stone
stone
stone
stone
stone
stone
stone
stone
stone
stone
stone
wall
.dark part of a room
.dark part of a room
.dark part of a room
.dark part of a room
wall
.dark part of a room
.dark part of a room
.dark part of a room
.dark part of a room
.dark part of a room
wall
wall
wall
wall
wall
wall
wall
wall
wall
wall
wall
wall
wall
wall
wall
wall
@elven priestess called rustyspoon
wall
stone
stone
stone
stone
stone
stone
stone
stone
stone
stone
stone
stone
stone
stone
stone
stone
stone
stone
stone
stone
stone
stone
stone
stone
stone
stone
stone
stone
stone
stone
stone
stone
stone
stone
stone
stone
stone
stone
stone
stone
stone
stone
stone
stone
stone
stone
stone
stone
stone
stone
wall
.dark part of a room
.dark part of a room
.dark part of a room
.dark part of a room
.dark part of a room
.dark part of a room
.dark part of a room
.dark part of a room
.dark part of a room
.dark part of a room
wall
stone
stone
stone
stone
stone
stone
wall
.dark part of a room
.dark part of a room
.dark part of a room
.dark part of a room
.dark part of a room
.dark part of a room
oMordor orc
oUruk-hai
Yowlbear, holding you
wall
stone
stone
stone
stone
stone
stone
stone
stone
stone
stone
stone
stone
stone
stone
stone
stone
stone
stone
stone
stone
stone
stone
stone
stone
stone
stone
stone
stone
stone
stone
stone
stone
stone
stone
stone
stone
stone
stone
stone
stone
stone
stone
stone
stone
stone
stone
stone
stone
stone
stone
wall
.dark part of a room
.dark part of a room
.dark part of a room
.dark part of a room
wall
.dark part of a room
.dark part of a room
.dark part of a room
.dark part of a room
.dark part of a room
wall
stone
stone
stone
stone
stone
stone
wall
.dark part of a room
.dark part of a room
.dark part of a room
.dark part of a room
.floor of a room
.floor of a room
oUruk-hai
.floor of a room
.floor of a room
wall
stone
stone
stone
stone
stone
stone
stone
stone
stone
stone
stone
stone
stone
stone
stone
stone
stone
stone
stone
stone
stone
stone
stone
stone
stone
stone
stone
stone
stone
stone
stone
stone
stone
stone
stone
stone
stone
stone
stone
stone
stone
stone
stone
stone
stone
stone
stone
stone
stone
stone
wall
.dark part of a room
.dark part of a room
0an uncursed boulder
.dark part of a room
wall
.dark part of a room
.dark part of a room
.dark part of a room
.dark part of a room
.dark part of a room
wall
stone
stone
stone
stone
stone
stone
wall
.dark part of a room
.dark part of a room
.floor of a room
.floor of a room
.floor of a room
.floor of a room
.floor of a room
.floor of a room
.floor of a room
wall
stone
stone
stone
stone
stone
stone
stone
stone
stone
stone
stone
stone
stone
stone
stone
stone
stone
stone
stone
stone
stone
stone
stone
stone
stone
stone
stone
stone
stone
stone
stone
stone
stone
stone
stone
stone
stone
stone
stone
stone
stone
stone
stone
stone
stone
stone
stone
stone
stone
stone
wall
wall
.dark part of a room
wall
wall
wall
wall
wall
wall
wall
wall
wall
stone
stone
stone
stone
stone
stone
wall
.floor of a room
.floor of a room
.floor of a room
.floor of a room
.floor of a room
.floor of a room
.floor of a room
.floor of a room
.floor of a room
wall
stone
stone
stone
stone
stone
stone
stone
stone
stone
stone
stone
stone
stone
stone
stone
stone
stone
stone
stone
stone
stone
stone
stone
stone
stone
stone
stone
stone
stone
stone
stone
stone
stone
stone
stone
stone
stone
stone
stone
stone
stone
stone
stone
stone
stone
stone
stone
stone
stone
stone
wall
.dark part of a room
.dark part of a room
.dark part of a room
.dark part of a room
wall
.dark part of a room
.dark part of a room
.dark part of a room
.dark part of a room
wall
stone
stone
stone
stone
stone
stone
stone
wall
.floor of a room
.floor of a room
.floor of a room
.floor of a room
<staircase up
.floor of a room
.floor of a room
.floor of a room
.floor of a room
wall
stone
stone
stone
stone
stone
stone
stone
stone
stone
stone
stone
stone
stone
stone
stone
stone
stone
stone
stone
stone
stone
stone
stone
stone
stone
stone
stone
stone
stone
stone
stone
stone
stone
stone
stone
stone
stone
stone
stone
stone
stone
stone
stone
stone
stone
stone
stone
stone
stone
stone
wall
.dark part of a room
.dark part of a room
.dark part of a room
.dark part of a room
.dark part of a room
.dark part of a room
.dark part of a room
.dark part of a room
.dark part of a room
wall
wall
wall
stone
stone
stone
stone
stone
wall
.floor of a room
.floor of a room
.floor of a room
.floor of a room
.floor of a room
.floor of a room
.floor of a room
.floor of a room
/an uncursed wand
wall
stone
stone
stone
stone
stone
stone
stone
stone
stone
stone
stone
stone
stone
stone
stone
stone
stone
stone
stone
stone
stone
stone
stone
stone
stone
stone
stone
stone
stone
stone
stone
stone
stone
stone
stone
stone
stone
stone
stone
stone
stone
stone
stone
stone
stone
stone
stone
stone
stone
stone
wall
.dark part of a room
.dark part of a room
0an uncursed boulder
0an uncursed boulder
wall
0an uncursed boulder
0an uncursed boulder
.dark part of a room
.dark part of a room
.dark part of a room
>staircase down
wall
stone
stone
stone
stone
stone
wall
.floor of a room
.floor of a room
.floor of a room
.floor of a room
.floor of a room
.floor of a room
.floor of a room
.floor of a room
.floor of a room
wall
stone
stone
stone
stone
stone
stone
stone
stone
stone
stone
stone
stone
stone
stone
stone
stone
stone
stone
stone
stone
stone
stone
stone
stone
stone
stone
stone
stone
stone
stone
stone
stone
stone
stone
stone
stone
stone
stone
stone
stone
stone
stone
stone
stone
stone
stone
stone
stone
stone
stone
wall
.dark part of a room
.dark part of a room
.dark part of a room
.dark part of a room
wall
.dark part of a room
.dark part of a room
.dark part of a room
.dark part of a room
wall
wall
wall
stone
stone
stone
stone
stone
wall
.floor of a room
.floor of a room
.floor of a room
.floor of a room
.floor of a room
.floor of a room
.floor of a room
.floor of a room
.floor of a room
wall
stone
stone
stone
stone
stone
stone
stone
stone
stone
stone
stone
stone
stone
stone
stone
stone
stone
stone
stone
stone
stone
stone
stone
stone
stone
stone
stone
stone
stone
stone
stone
stone
stone
stone
stone
stone
stone
stone
stone
stone
stone
stone
stone
stone
stone
stone
stone
stone
stone
stone
wall
wall
wall
wall
wall
wall
wall
wall
wall
wall
wall
stone
stone
stone
stone
stone
stone
stone
wall
wall
wall
wall
wall
wall
wall
wall
wall
wall
wall
stone
stone
stone
stone
stone
stone
stone
stone
stone
stone
stone
stone
stone
stone
stone
stone
stone
stone
stone
stone
stone
stone
stone
stone
stone
stone
stone
stone
stone
stone
stone
stone
stone
stone
stone
stone
stone
stone
stone
stone
stone
stone
stone
stone
stone
stone
stone
stone
stone
stone
stone
stone
stone
stone
stone
stone
stone
stone
stone
stone
stone
stone
stone
stone
stone
stone
stone
stone
stone
stone
stone
stone
stone
stone
stone
stone
stone
stone
stone
stone
stone
stone
stone
stone
stone
stone
stone
stone
stone
stone
stone
stone
stone
stone
stone
stone
stone
stone
stone
stone
stone
stone
stone
stone
stone
stone
stone
stone
stone
stone
stone
stone
stone
stone
stone
stone
stone
stone
stone
stone
stone
stone
stone
stone
stone
stone
stone
stone
stone
stone
stone
stone
stone
stone
stone
stone
stone
stone
stone
stone
stone
stone
stone
stone
stone
stone
stone
stone
stone
stone
stone
stone
stone
stone
stone
stone
stone
stone
stone
stone
stone
stone
stone
stone
stone
stone
stone
stone
stone
stone
stone
stone
stone
stone
stone
stone
stone
stone
stone
stone
stone
stone
stone
stone
stone
stone
stone
stone
stone
stone
stone
stone
stone
stone
stone
stone
stone
stone
stone
stone
stone
stone
stone
stone
stone
stone
stone
stone
stone
stone
stone
stone
stone
stone
stone
stone
stone
stone
stone
stone
stone
stone
stone
stone
stone
stone
stone
stone
stone
stone
stone
stone
stone
stone
stone
stone
stone
stone
stone
stone
stone
stone
stone
stone
stone
stone
stone
stone
stone
stone
stone
stone
stone
stone
stone
stone
stone
stone
stone
stone
stone
stone
stone
stone
stone
stone
stone
stone
stone
stone
stone
stone
stone
stone
stone
stone
stone
stone
stone
stone
stone
stone
stone
stone
stone
stone
stone
stone
stone
stone
stone
stone
stone
stone
stone
stone
stone
stone
stone
stone
stone
stone
stone
stone
stone
stone
stone
stone
stone
stone
stone
stone
stone
stone
stone
stone
stone
stone
stone
stone
stone
stone
stone
stone
stone
stone
stone
stone
stone
stone
stone
stone
stone
stone
stone
stone
stone
stone
stone
stone
stone
stone
[Rustyspoon the Adept ] St:12 Dx:12 Co:14 In:11 Wi:20 Ch:10 Chaotic Dlvl:5 $:76 HP:0(54) Pw:105(132) AC:-1 Xp:8 T:7807

Latest messages:

The owlbear misses!
You are being crushed.
The Uruk-hai thrusts her crude short sword.
The Uruk-hai misses!
The Uruk-hai shoots 2 poisoned crude arrows!
The 1st poisoned crude arrow misses the Uruk-hai.
You are hit by the 1st poisoned crude arrow.
The 2nd poisoned crude arrow hits the Uruk-hai!
The poison doesn't seem to affect the Uruk-hai.
In what direction?
You feel better.
The owlbear hits!
The owlbear hits!
You are being crushed.
In what direction?
You feel better.
The owlbear misses!
The owlbear hits!
You are being crushed.
The Uruk-hai thrusts her crude short sword.
The Uruk-hai misses!
You miss the owlbear.
The owlbear hits!
The owlbear hits!
You are being crushed.
The Uruk-hai thrusts her crude short sword.
The Uruk-hai misses!
What do you want to use or apply? [befk-mtvwRS or ?*]
In what direction?
Status of the owlbear (neutral): Level 5 HP 7(14) AC 5, blind, holding you.
You miss the owlbear.
The owlbear hits!
The owlbear misses!
You are being crushed.
The Uruk-hai thrusts her crude short sword.
The Uruk-hai hits!
In what direction?
You feel better.
The owlbear hits!
The owlbear misses!
You are being crushed.
The Uruk-hai thrusts her crude short sword.
The Uruk-hai misses!
The Uruk-hai shoots a poisoned crude arrow!
The poisoned crude arrow misses the Uruk-hai.
You are hit by a poisoned crude arrow.
Elf, your life force is running out.
You die...
Do you want your possessions identified? [ynq] (y)
Do you want to see your attributes? [ynq] (y)

Inventory:

Coins

$ - 76 gold pieces

Weapons

a - a blessed rusty +1 mace (weapon in hand)
Q - 5 uncursed +0 darts (at the ready)

Armor

B - an uncursed +0 dwarvish mithril-coat
C - an uncursed +0 robe (being worn)
D - an uncursed +2 pair of iron shoes (being worn)
E - an uncursed +0 pair of leather gloves (being worn)
F - a blessed +1 dwarvish iron helm (being worn)
G - an uncursed +0 small shield (being worn)

Comestibles

L - an uncursed lizard corpse named KFC

Wands

w - an uncursed wand of cancellation (0:3)
R - an uncursed wand of striking (0:1)
S - an uncursed wand of lightning (0:4)

Tools

b - a blessed bag of holding containing 48 items
e - an uncursed stethoscope
f - an uncursed magic whistle
k - an uncursed skeleton key
l - an uncursed leash
m - an uncursed expensive camera (0:34)
t - an uncursed towel
v - an uncursed oil lamp

Contents of the bag of holding:

1447 gold pieces
an uncursed +1 pair of iron shoes
an uncursed +0 dwarvish cloak
an uncursed clove of garlic
an uncursed food ration
an uncursed sprig of wolfsbane
an uncursed tripe ration
an uncursed scroll of blank paper
an uncursed scroll of charging
an uncursed scroll of create monster
a blessed scroll of earth
an uncursed scroll of earth
an uncursed scroll of fire
a cursed scroll of identify
an uncursed scroll of magic mapping
a cursed scroll of remove curse
an uncursed scroll of teleportation
an uncursed spellbook of create monster
an uncursed spellbook of light
an uncursed spellbook of magic missile
an uncursed spellbook of restore ability
an uncursed potion of confusion
an uncursed potion of fruit juice
a cursed potion of gain ability
an uncursed potion of invisibility
an uncursed potion of restore ability
an uncursed potion of sickness
4 potions of holy water
an uncursed potion of water
an uncursed ring of cold resistance
a cursed -2 ring of protection
a cursed ring of sustain ability
a blessed wand of digging (0:7)
an uncursed wand of digging (0:5)
an uncursed wand of digging (0:5)
an uncursed wand of digging (0:4)
an uncursed wand of striking (0:0)
an uncursed wooden harp
an uncursed oil lamp
an uncursed agate stone
an uncursed chrysoberyl stone
an uncursed sapphire
2 uncursed worthless pieces of black glass
an uncursed worthless piece of green glass
3 uncursed worthless pieces of orange glass
2 uncursed worthless pieces of red glass
an uncursed worthless piece of white glass
3 uncursed worthless pieces of yellow glass

Rustyspoon the Priestess's attributes:


Background:

You were an Adept, a level 8 elven Priestess.
You were chaotic, on a mission for Set
who was opposed by Mitra (lawful) and Crom (neutral).
You were in Sokoban, on level 5.
You entered the dungeon 7807 turns ago.
You had 2108 experience points, 452 more were needed to attain level 9.

Basics:

You had 0 out of 54 hit points.
You had 105 out of 132 energy points (spell power).
Your armor class was -1.
Your wallet contained 76 zorkmids.
Autopickup was on for '$!?/"=' plus thrown, with exceptions.

Final Characteristics:

Your strength was 12 (peak:13, limit:18).
Your dexterity was 12 (limit:18).
Your constitution was 14 (limit:16).
Your intelligence was 11 (limit:20).
Your wisdom was 20 (limit:20).
Your charisma was 10 (limit:18).

Final Status:

You were held by an owlbear (south).
You were not hungry.
You were unencumbered.
You were wielding a mace.
You were skilled in mace and could have enhanced that.

Final Attributes:

You were piously aligned.
You were sleep resistant.
You were telepathic.
You had infravision.
You were guarded.
You are dead.

Miscellaneous:
You never encountered a bones level.
Total elapsed playing time was 46 minutes and 33 seconds.

Major events:

Turn

1: rustyspoon the chaotic elven Priestess entered the dungeon
856: entered the Gnomish Mines
1106: attained the rank of Acolyte (level 3)
2829: attained the rank of Adept (level 6)
2897: reached Mine Town
6529: entered Sokoban
6877: completed 1st Sokoban level
7590: completed 2nd Sokoban level
7807: killed by an orcish arrow

Vanquished creatures:

a large mimic
a small mimic
a giant beetle
a cockatrice
4 wolves
4 leprechauns
2 iron piercers
a black light
a werewolf
a lizard
a jaguar
a dwarf leader
a dust vortex
3 apes
2 human zombies
an imp
10 Mordor orcs
an Uruk-hai
an orc shaman
2 rock piercers
a rock mole
a pony
a fog cloud
a yellow light
3 gnome leaders
3 gnomish wizards
2 gray oozes
2 elf zombies
a straw golem
7 giant ants
4 floating eyes
9 dwarves
11 hill orcs
a rothe
a centipede
3 giant bats
5 orc zombies
2 dwarf zombies
3 werejackals
an iguana
9 killer bees
3 acid blobs
2 gas spores
2 hobbits
4 manes
4 large kobolds
a hobgoblin
3 giant rats
a brown mold
2 yellow molds
28 gnomes
5 garter snakes
5 geckos
7 jackals
3 foxes
a kobold
2 goblins
3 sewer rats
4 grid bugs
3 bats
4 lichens
a kobold zombie
6 newts
205 creatures vanquished.
No species were genocided or became extinct.

Voluntary challenges:

You read items or engraved 8 times.
You engraved Elbereth 3 times.
You never genocided any monsters.
You never polymorphed an object.
You never changed form.
You used no wishes.
You did not violate any of the special Sokoban rules.

Achievements:

You entered the Gnomish Mines.
You entered a shop.
You attained the rank of Acolyte.
You attained the rank of Adept.
You entered Minetown.
You entered a temple.
You entered Sokoban.

The Dungeons of Doom: levels 1 to 8

   Level 1:
A fountain.
Level 2:
A fountain, a sink.
Level 3: "stash >"
An altar to Set.
Stairs down to The Gnomish Mines.
Level 4:
A scroll shop.
Level 5:
An altar to Set, a sink.
Level 6:
Many fountains.
Oracle of Delphi.
Level 7:
Stairs up to Sokoban, level 6.
Level 8:

The Gnomish Mines: levels 4 to 8

   Level 4:
Level 5:
Level 6:
Many shops, a temple, some fountains.
Level 7:
Level 8:

Sokoban: levels 6 up to 5

   Level 5: <- You were here.
Solved.
Final resting place for
you, killed by an orcish arrow.
Level 6:
Solved.

Game over:

----------
/ \
/ REST \
/ IN \
/ PEACE \
/ \
| rustyspoon |
| 1523 Au |
| killed by an |
| orcish arrow |
| |
| |
| 2022 |
*| * * * | *
_________)/\\_//(\/(/\)/\//\/|_)_______

Goodbye rustyspoon the Priestess...


You died in Sokoban on dungeon level 5 with 10183 points,
and 1523 pieces of gold, after 7807 moves.
You were level 8 with a maximum of 54 hit points when you died.